 Dungeon Crawl Stone Soup version 0.29-a0-1052-g6990b1bffc (webtiles) character file.

Game seed: 18028841101795422172

129 iguanaiguana the Magician (level 5, -4/38 HPs)
             Began as a Djinni Air Elementalist on Aug 17, 2022.
             Was an Initiate of Makhleb.
             Slain by a scorpion (5 damage)
             ... on level 4 of the Dungeon.
             The game lasted 00:14:04 (3784 turns).

iguanaiguana the Magician (Djinni Air Elementalist) Turns: 3784, Time: 00:14:04

Health: -4/38      AC:  2    Str:  7    XL:     5   Next: 35%
Gold:   86         EV: 12    Int: 25    God:    Makhleb [......] SH:  0 Dex: 19

rFire   + + .      SeeInvis .   b - +0 dagger
rCold   x . .      Faith    .   (no shield)
rNeg    . . .      Spirit   .   a - +0 robe
rPois   ∞          Reflect  .   (no helmet)
rElec   .          Harm     .   (no cloak)
rCorr   .          Rampage  .   (no gloves)
Will    .....                   (boots unavailable)
Stlth   ++........              (no amulet)
HPRegen 0.12/turn               q - +6 ring of intelligence
MPRegen 0.00/turn               s - +6 ring of dexterity

@: brilliant, flying
A: sickness immunity, fire resistance 2, cold vulnerability 1, float, innate
caster, HP casting, extra vitality 1
a: Renounce Religion


You were on level 4 of the Dungeon.
You worshipped Makhleb.
Makhleb was noncommittal.
You visited 1 branch of the dungeon, and saw 4 of its levels.

You collected 86 gold pieces.

Inventory:

Hand Weapons
 b - a +0 dagger (weapon)
Missiles
 p - 2 poisoned darts
Armour
 a - a +0 robe (worn)
 d - a +0 kite shield
 e - a +0 ring mail
Magical Staves
 h - a staff of earth
Jewellery
 q - a +6 ring of intelligence (left hand)
 s - a +6 ring of dexterity (right hand)
Wands
 r - a wand of flame (29)
Scrolls
 c - a scroll of vulnerability {unknown}
 f - a scroll of blinking {unknown}
 g - a scroll of poison {unknown}
 o - a scroll of amnesia {unknown}
 u - a scroll of teleportation {unknown}
 v - a scroll of identify {unknown}
 x - 2 scrolls of fog {unknown}
Potions
 i - a potion of brilliance
 j - 2 potions of flight {unknown}
 k - a potion of lignification {unknown}
 l - a potion of curing {unknown}
 m - a potion of heal wounds {unknown}
 n - a potion of invisibility {unknown}
 t - a potion of ambrosia {unknown}
 w - a potion of cancellation {unknown}


   Skills:
 - Level 2.0 Fighting
 - Level 2.1 Dodging
 - Level 1.5 Stealth
 + Level 4.0 Spellcasting


You couldn't memorise any spells.
You knew the following spells:

 Your Spells              Type           Power      Damage    Failure   Level
a - Shock                 Conj/Air       100%       1d9       1%          1
b - Static Discharge      Conj/Air       37%        3-8/arc   2%          2
c - Swiftness             Air            37%        N/A       5%          3
d - Airstrike             Air            18%        2d(3-19)  17%         4
e - Magic Dart            Conj           100%       1d8       1%          1
f - Ensorcelled Hibernat  Hex/Ice        74%        N/A       2%          2
Your spell library was empty.

Dungeon Overview and Level Annotations

Branches:
Dungeon (4/15) Zot: 20216
 Temple: D:4-7

Altars:
Fedhas
Gozag
Hepliaklqana
Makhleb
Nemelex Xobeh
Qazlal
Trog
Wu Jian


Innate Abilities, Weirdness & Mutations

You are immune to sickness and miasma.
You are immune to poison.
Your flesh is very heat resistant. (rF++)
You are vulnerable to cold. (rC-)
You float through the air rather than walking.
You learn spells naturally, not from books.
Your magical power is your life essence.
You have superior vitality. (+4 MHP)


Message History

You hover solemnly before the altar of Makhleb.
Makhleb welcomes you!
A kobold comes into view. It is wielding a +0 short sword.
Casting: Magic Dart (safe; 1% risk of failure)
Confirm with . or Enter, or press ? or * to list all spells.
The hound is struck by an arc of lightning.
The hound is moderately wounded.
The goblin is struck by an arc of lightning!
You kill the goblin!
You are struck by an arc of lightning.
The hound is struck by an arc of lightning!
The hound is severely wounded.
The lightning grounds out.
The kobold shouts!
The hound attacks as you move away! The hound bites you. The hound bites you.
The scorpion stings you!
Casting: Static Discharge (safe; 2% risk of failure)
Confirm with . or Enter, or press ? or * to list all spells.
The scorpion is struck by an arc of lightning.
The scorpion is moderately wounded.
You are struck by an arc of lightning.
* * * LOW HITPOINT WARNING * * *
The scorpion is struck by an arc of lightning!
The scorpion is severely wounded.
You are struck by an arc of lightning.
* * * LOW HITPOINT WARNING * * *
The lightning grounds out.
* * * LOW HITPOINT WARNING * * *
The hound bites you.
* * * LOW HITPOINT WARNING * * *
The scorpion stings you.
* * * LOW HITPOINT WARNING * * *
The hound bites you.
* * * LOW HITPOINT WARNING * * *
Okay, then.
Okay, then.
It was a potion of brilliance.
You feel clever all of a sudden. The scorpion stings you.
You die...

.........######..
#.######......... .
.........._...... ..
#.#####._..._.###...
. #...............
...##.._..8.._......
....................
........_..s_.......
......#....@h.......
..###.#.............
.. #.##...K........
#.#.............
#.####..###.#. #.
#.... .# #. #.### #
..


You could see a scorpion, a hound and a kobold.

Vanquished Creatures
  5 adders
  3 worms
  A dart slug (D:1)
  An orc (D:3)
  9 bats
  7 endoplasms
  5 giant cockroaches
  12 goblins
  4 hobgoblins
  3 jackals (D:3)
  3 quokkas
  3 ball pythons
  3 frilled lizards (D:1)
  5 kobolds
  2 rats
66 creatures vanquished.

Notes
Turn   | Place    | Note
-------+----------+-------------------------------------------
     0 | D:1      | iguanaiguana the Djinni Air Elementalist began the quest
                  | for the Orb.
     0 | D:1      | iguanaiguana set off with the following spells memorised:
                  | Shock, Static Discharge, Swiftness, Airstrike.
     0 | D:1      | Reached XP level 1. HP: 15/15 MP: 0/0
   148 | D:1      | Reached skill level 1 in Fighting
   179 | D:1      | Reached XP level 2. HP: 16/22 MP: 0/0
   803 | D:1      | Reached skill level 3 in Spellcasting
   833 | D:1      | Reached XP level 3. HP: 25/27 MP: 0/0
   833 | D:1      | Learned a level 1 spell: Magic Dart
   961 | D:1      | Found a faded altar of an unknown god.
  1550 | D:2      | Reached XP level 4. HP: 21/33 MP: 0/0
  2956 | D:3      | Found an ornate altar of the Wu Jian Council.
  3111 | D:3      | Found a blossoming altar of Fedhas.
  3115 | D:3      | Reached XP level 5. HP: 36/38 MP: 0/0
  3115 | D:3      | Learned a level 2 spell: Ensorcelled Hibernation
  3324 | D:3      | Reached skill level 4 in Spellcasting
  3598 | D:3      | Found a stormy altar of Qazlal.
  3708 | D:4      | Upgraded the game from 0.29-a0-1047-g7c58e119a4 to
                  | 0.29-a0-1052-g6990b1bffc
  3757 | D:4      | Found a bloodstained altar of Trog.
  3760 | D:4      | Found a hazy altar of Hepliaklqana.
  3761 | D:4      | Found an opulent altar of Gozag.
  3762 | D:4      | Found a sparkling altar of Nemelex Xobeh.
  3763 | D:4      | Found a burning altar of Makhleb.
  3779 | D:4      | Became a worshipper of Makhleb the Destroyer
  3783 | D:4      | HP: 1/38 [hound (5)]
  3784 | D:4      | Slain by a scorpion

Illustrated notes

Levels and vault maps discovered:
D:1:      minmay_arrival_wavy_path, layout_loops_ring,
          hellmonk_ecumenical_altar_inner_sanctum
D:2:      layout_basic, minmay_misc_feat_pillars
D:3:      layout_loops_ring, mainiacjoe_overflow_six_doors_small,
          nicolae_qazlal_eye_of_the_storm,
          mainiacjoe_overflow_concentric_impassable, minmay_statues_item,
          grunt_decor_mini_mirrors
D:4:      layout_basic, amcnicky_altar_gilded, grunt_temple_overflow_open,
          minmay_temple_entry_glassed_door, portal_sewer_entry_f

Skill      XL: |  1  2  3  4  5 |
---------------+----------------+-----
Fighting       | 1 2 |  2.0
Spellcasting   | 3 4 |  4.0
Dodging        | |  2.1
Stealth        | |  1.5

Action                   |  1- 3 |  4- 6 || total
-------------------------+-------+-------++-------
Melee: Dagger            |    36 |     2 ||    38
 Cast: Shock             |    41 |    47 ||    88
       Magic Dart        |     5 |    15 ||    20
       Static Discharge  |       |     4 ||     4
  Use: Potion            |       |     1 ||     1
 Stab: Sleeping          |     1 |       ||     1
Armor: Robe              |    18 |     3 ||    21
Dodge: Dodged            |    39 |    10 ||    49

Table legend: (Time is in decaauts)
 A = Elapsed time spent in this place.
 B = Non-inter-level travel time spent in this place.
 C = Inter-level travel time spent in this place.
 D = Time resting spent in this place.
 E = Time spent auto-exploring this place.
 F = Levels seen in this place.
 G = Mean time per level.
                   A        B        C        D        E       F      G
               +--------+--------+--------+--------+--------+-----+--------+
         Total |   3782 |   3302 |    480 |    450 |   2161 |   4 |  945.5 |
       Dungeon |   3782 |   3302 |    480 |    450 |   2161 |   4 |  945.5 |
               +--------+--------+--------+--------+--------+-----+--------+

Top non-repeatable levels by time:
     D:2: 1533 daAuts
     D:1: 1218 daAuts
     D:3: 954 daAuts
     D:4: 76 daAuts
